 Dungeon Crawl Stone Soup version 0.26-a0-661-g406de6ba63 (webtiles) character file.

Game seed: 15912793443628719427

92 lampshaded the Chopper (level 4, 0/40 HPs)
             Began as a Hill Orc Fighter on Oct 9, 2020.
             Slain by a wyvern (2 damage)
             ... on level 3 of the Dungeon.
             The game lasted 00:02:49 (2166 turns).

lampshaded the Chopper (Hill Orc Fighter)           Turns: 2166, Time: 00:02:50

Health: 0/40       AC: 11    Str: 19    XL:     4   Next: 60%
Magic:  4/4        EV:  3    Int:  8    God:
Gold:   150        SH:  9    Dex: 10    Spells: 3/3 levels left

rFire    . . .     SeeInvis .   a - +0 war axe
rCold    . . .     Faith    .   c - +0 kite shield
rNeg     . . .     Spirit   .   j - +0 plate armour
rPois    .         Reflect  .   (no helmet)
rElec    .         Harm     .   (no cloak)
rCorr    .         Rampage  .   (no gloves)
MR       .....                  (no boots)
Stlth    ..........             (no amulet)
HPRegen  0.13/turn              (no ring)
MPRegen  0.09/turn              (no ring)

@: mighty
A: no striking features
a: no special abilities


You were on level 3 of the Dungeon.
You visited 1 branch of the dungeon, and saw 3 of its levels.

You collected 150 gold pieces.

Inventory:

Hand Weapons
 a - a +0 war axe (weapon)
Armour
 c - a +0 kite shield (worn)
 j - a +0 plate armour (worn)
Jewellery
 b - an uncursed ring of wizardry
Scrolls
 e - a scroll of teleportation {unknown}
 g - a scroll of noise {unknown}
 h - 4 scrolls of remove curse {unknown}
 l - a scroll of magic mapping {unknown}
 m - 2 scrolls of identify {unknown}
 o - a scroll of fog {unknown}
Potions
 d - a potion of might
 f - a potion of cancellation {unknown}
 i - a potion of invisibility {unknown}
 k - a potion of stabbing {unknown}
 n - a potion of ambrosia {unknown}
 p - a potion of berserk rage {unknown}
 q - a potion of curing {unknown}
 r - a potion of lignification {unknown}


   Skills:
 + Level 4.0 Fighting
 * Level 5.5 Axes
 + Level 3.6 Armour
 - Level 3.2 Shields


You had 3 spell levels left.
You didn't know any spells.
Your spell library was empty.

Dungeon Overview and Level Annotations

Branches:
Dungeon (3/15)

Altars:
Trog


Message History

The wyvern is moderately wounded.
The wyvern bites you!
* * * LOW HITPOINT WARNING * * *
The wyvern bites you but does no damage.
You hit the wyvern.
The wyvern is heavily wounded.
The wyvern bites you but does no damage.
You block the wyvern's attack.
You barely miss the wyvern.
The wyvern is heavily wounded.
The wyvern bites you.
* * * LOW HITPOINT WARNING * * *
You block the wyvern's attack.
Your shield and plate armour prevent you from hitting the wyvern.
The wyvern is heavily wounded.
You block the wyvern's attack. x2
You hit the wyvern.
The wyvern is severely wounded.
The wyvern bites you.
You die...

......## .##
#.## ###.#
....#.. .. ..
#(.# ..# .[ ###
##.## .. #######
#(.#
...##.....##
#(##
...........###(#
.....(....).#..#
.<..........#(##
......l@......#
......)......##
............##
............#
...?.......##
$..##.....## ###
#######


You could see a wyvern.

Vanquished Creatures
  An adder (D:2)
  A white imp (D:2)
  An ooze (D:1)
  3 worms
  2 dart slugs (D:1)
  A leopard gecko (D:1)
  An orc (D:3)
  8 bats
  2 giant cockroaches
  5 goblins
  5 hobgoblins
  2 jackals (D:2)
  8 kobolds
  2 quokkas
  4 frilled lizards
  13 rats
59 creatures vanquished.

Notes
Turn   | Place    | Note
-------+----------+-------------------------------------------
     0 | D:1      | lampshaded the Hill Orc Fighter began the quest for the
                  | Orb.
     0 | D:1      | Reached XP level 1. HP: 19/19 MP: 1/1
   155 | D:1      | Reached skill level 3 in Axes
   159 | D:1      | Reached XP level 2. HP: 26/26 MP: 2/2
   176 | D:1      | Reached skill level 4 in Axes
   405 | D:1      | Reached XP level 3. HP: 30/31 MP: 3/3
   834 | D:2      | Reached skill level 5 in Axes
  1406 | D:2      | Reached XP level 4. HP: 38/40 MP: 4/4
  1567 | D:2      | Found a bloodstained altar of Trog.
  2150 | D:3      | Noticed a wyvern
  2164 | D:3      | HP: 2/40 [wyvern (1)]
  2166 | D:3      | Slain by a wyvern

Illustrated notes

Levels and vault maps discovered:
D:1:      matt_arrival_refuge, layout_rooms
D:2:      layout_loops_cross, old_standard_altar
D:3:      layout_rooms

Skill      XL: |  1  2  3  4 |
---------------+-------------+-----
Axes           | 3 4 5 |  5.5
Fighting       | 4 |  4.0
Armour         | |  3.6
Shields        | |  3.2

Action                   |  1- 3 |  4- 6 || total
-------------------------+-------+-------++-------
Melee: War axe           |   110 |    77 ||   187
  Use: Potion            |       |     1 ||     1
Armor: Scale mail        |    36 |       ||    36
       Plate armour      |    12 |    51 ||    63
Dodge: Dodged            |    18 |     6 ||    24
Block: Kite shield       |    54 |    42 ||    96

Table legend: (Time is in decaauts)
 A = Elapsed time spent in this place.
 B = Non-inter-level travel time spent in this place.
 C = Inter-level travel time spent in this place.
 D = Time resting spent in this place.
 E = Time spent auto-exploring this place.
 F = Levels seen in this place.
 G = Mean time per level.
                   A        B        C        D        E       F      G
               +--------+--------+--------+--------+--------+-----+--------+
         Total |   2230 |   2172 |     58 |    115 |   1628 |   3 |  743.3 |
       Dungeon |   2230 |   2172 |     58 |    115 |   1628 |   3 |  743.3 |
               +--------+--------+--------+--------+--------+-----+--------+

Top non-repeatable levels by time:
     D:2: 1129 daAuts
     D:1: 765 daAuts
     D:3: 335 daAuts
